 Dungeon Crawl Stone Soup version 0.20-a0-270-g8e735b6 (webtiles) character file.

5980 Faca the Cleaver (level 10, -2/53 HPs)
             Began as a Vine Stalker Fighter on Dec 9, 2016.
             Was an Elder of Okawaru.
             Slain by an unseen horror (shapeshifter) (3 damage)
             ... on level 9 of the Dungeon.
             The game lasted 00:28:20 (6503 turns).

Faca the Cleaver (Vine Stalker Fighter)             Turns: 6503, Time: 00:28:22

Health: -2/53      AC: 24    Str: 21    XL:     10   Next: 85%
Magic:  0/11       EV:  5    Int:  8    God:    Okawaru [****..]
Gold:   513        SH: 11    Dex: 17    Spells: 6/9 levels left

rFire  . . .     SeeInvis .     a - +0 war axe
rCold  . . .     Gourm    .     z - +0 plate armour
rNeg   . . .     Faith    +     c - +0 shield
rPois  .         Spirit   +     (no helmet)
rElec  .         Reflect  .     t - +1 cloak
rCorr  .         Harm     .     g - +2 pair of gloves
MR     +....                    (no boots)
Stlth  ..........               d - amulet of faith
                                o - +2 ring of strength
                                s - +6 ring of protection

@: no status effects
A: fangs 3, regeneration 1, magic shield, antimagic bite, no device heal 3, rot
immunity
a: Heroism, Renounce Religion


You were on level 9 of the Dungeon.
You worshipped Okawaru.
Okawaru was greatly pleased with you.
You were not hungry.

You visited 2 branches of the dungeon, and saw 10 of its levels.

You collected 573 gold pieces.
You spent 60 gold pieces at shops.

Inventory:

Hand Weapons
 a - a +0 war axe (weapon)
Armour
 c - a +0 shield (worn)
 g - a +2 pair of gloves (worn)
 t - a +1 cloak (worn)
 z - a +0 plate armour (worn)
Jewellery
 d - an amulet of faith (around neck)
 i - an uncursed ring of fire
 o - a +2 ring of strength (right hand)
 s - a +6 ring of protection (left hand)
 x - an uncursed ring of poison resistance
 A - a +3 amulet of reflection
Wands
 b - a wand of slowing (17/48)
 q - a wand of paralysis (14/24)
 y - a wand of digging (12/24)
Scrolls
 e - a scroll of fear
 k - 4 scrolls of magic mapping
 l - a scroll of blinking
 p - 4 scrolls of teleportation
 r - 5 scrolls of identify
 u - 4 scrolls of remove curse
Potions
 h - 2 potions of invisibility
 j - 2 potions of haste
 m - a potion of cancellation
 n - 4 potions of agility
 C - a potion of curing
 F - a potion of brilliance
Comestibles
 f - 3 bread rations
 v - a slice of pizza
 w - a royal jelly


   Skills:
 + Level 6.1 Fighting
 + Level 10.3 Axes
 + Level 6.1 Armour
 + Level 1.5 Dodging
 + Level 6.7 Shields


You had 6 spell levels left.
You knew the following spells:

 Your Spells              Type           Power        Failure   Level  Hunger
a - Mephitic Cloud        Conj/Pois/Air  #.......     100%        3    ####...


Dungeon Overview and Level Annotations

Branches:
Dungeon (9/15)             Temple (1/1) D:5            Lair (0/6) D:8
    Orc: D:9-12

Altars:
Ashenzari
Cheibriados
Dithmenos
Elyvilon
Fedhas
Gozag
Kikubaaqudgha
Makhleb
Nemelex Xobeh
Okawaru
Qazlal
Ru
Sif Muna
Uskayaw
Vehumet
Xom
Yredelemnul
Zin
The Shining One
Lugonu

Shops:
D:5 *   D:6 !   D:7 (   D:8 :


Innate Abilities, Weirdness & Mutations

You have razor-sharp teeth.
Your natural rate of healing is unusually fast.
When hurt, damage is shared between your health and your magic reserves.
Your bite disrupts and absorbs the magic of your enemies.
Potions and wands cannot restore your health.
You are immune to rotting.


Message History

Your bite misses something. You hit the ogre.
You hit the eye of draining but do no damage.
Something hits you but does no damage. The eye of draining gazes at you.
You feel your power leaking away. Something hits you but does no damage.
You block something's attack.
You hit something. Your bite misses something. You hit the ogre.
You hit the eye of draining but do no damage.
You hit something. You block something's attack.
Something hits you but does no damage. You block the ogre's attack.
Something hits you but does no damage.
Unholy energy fills the air.
* * * LOW HITPOINT WARNING * * *
Unknown command.
You slash the ogre!
You kill the ogre!
Okawaru accepts your kill.
You completely miss something. You closely miss something.
You hit the eye of draining. Something hits you but does no damage.
Something hits you.
You die...

..........>...#
..........####...
...#####'######...#####...#
#... ..
#...........#...#...# #... .
#...........#...#...# #...
#...........#...#...# ##..
#...#######+#...#...#####..
#...#.........8.#.......#..
#...#....8......#...)...#..
#...#.....@{)...'.......#.#
#...#####.G)$(..#####...#.#
#.......+.../.......#...#
#.......#......8....#...# ##
#....)†.#.8.........#...#
...#####...#...#########...#
#####.#...#.†(#...+ ...(#
..........#...#...# ...#
..........#...#...#


You could see an eye of draining.

Vanquished Creatures
  The ghost of Faca the Shield-Bearer, a novice FoFi of Trog (D:4)
  Joseph (D:7)
  Grinder (D:4)
  A hornet (D:8)
  The ghost of Bigslacks the Sneak, an amateur OpAs (D:6)
  A hippogriff (D:7)
  3 yaks (D:9)
  2 hungry ghosts
  Menkaure (D:6)
  2 sky beasts
  5 orc warriors
  An ice beast (D:5)
  2 phantoms
  4 ogres
  3 centaurs
  2 big kobolds
  2 wyvern skeletons
  4 scorpions
  4 wights
  2 howler monkeys
  4 crimson imps
  A jelly (D:8)
  A quasit (D:9)
  7 orc priests
  A centaur skeleton (D:5)
  7 hounds
  3 iguanas
  9 orc wizards
  8 worker ants
  A hound zombie (D:8)
  2 hound skeletons
  13 adders
  3 gnolls (D:2)
  A shadow imp (D:8)
  2 oozes (D:2)
  An adder skeleton (D:7)
  5 worms
  4 dart slugs
  3 leopard geckos
  41 orcs
  4 ball pythons
  5 giant cockroaches
  7 goblins
  4 hobgoblins
  11 jackals
  18 kobolds
  6 quokkas
  6 bats
  5 frilled lizards
  A leopard gecko skeleton (D:5)
  16 rats
243 creatures vanquished.

Notes
Turn   | Place    | Note
-------+----------+-------------------------------------------
     0 | D:1      | Faca the Vine Stalker Fighter began the quest for the Orb.
     0 | D:1      | Reached XP level 1. HP: 11/11 MP: 2/2
    98 | D:1      | Reached XP level 2. HP: 10/16 MP: 1/3
   184 | D:1      | Reached skill level 2 in Axes
   270 | D:1      | Reached XP level 3. HP: 20/20 MP: 4/4
   830 | D:2      | Gained mutation: Your natural rate of healing is unusually fast. [Vine Stalker growth]
   830 | D:2      | Reached XP level 4. HP: 17/24 MP: 3/5
   885 | D:2      | Found a shimmering altar of Xom.
  1023 | D:2      | Reached skill level 3 in Axes
  1027 | D:2      | Found a basalt altar of Yredelemnul.
  1111 | D:2      | Reached XP level 5. HP: 28/28 MP: 6/6
  1776 | D:3      | Found a burning altar of Makhleb.
  1977 | D:3      | Reached XP level 6. HP: 32/32 MP: 7/7
  2018 | D:3      | Reached skill level 4 in Axes
  2101 | D:3      | Found a blossoming altar of Fedhas.
  2103 | D:3      | Found an ancient bone altar of Kikubaaqudgha.
  2374 | D:4      | Noticed Grinder
  2374 | D:4      | Noticed Faca's ghost (novice FoFi)
  2394 | D:4      | Killed Faca's ghost
  2394 | D:4      | Reached skill level 5 in Axes
  2394 | D:4      | Reached XP level 7. HP: 12/37 MP: 8/8
  2451 | D:4      | Paralysed by Grinder for 3 turns
  2469 | D:4      | Killed Grinder
  2469 | D:4      | Gained mutation: You have razor-sharp teeth. [Vine Stalker growth]
  2469 | D:4      | Reached XP level 8. HP: 42/42 MP: 9/9
  2536 | D:4      | Reached skill level 6 in Axes
  2936 | D:4      | Reached skill level 1 in Dodging
  3045 | D:4      | Found an opulent altar of Gozag.
  3045 | D:4      | Found a glowing silver altar of Zin.
  3143 | D:5      | Entered Level 5 of the Dungeon
  3143 | D:5      | Found a staircase to the Ecumenical Temple.
  3154 | Temple   | Entered the Ecumenical Temple
  3170 | Temple   | Became a worshipper of Warmaster Okawaru
  3240 | D:5      | Found a deep blue altar of Sif Muna.
  3248 | D:5      | Reached skill level 7 in Axes
  3256 | D:5      | Found Zuras's General Store.
  3264 | D:5      | Bought a scroll of identify for 22 gold pieces
  3264 | D:5      | Bought a potion of mutation for 27 gold pieces
  3264 | D:5      | Gained mutation: Armour fits poorly on your strangely shaped body. [potion of mutation]
  3264 | D:5      | Gained mutation: You are frail. (-10% HP) [potion of mutation]
  3265 | D:5      | Lost mutation: Armour fits poorly on your strangely shaped body. [potion of cure mutation]
  3265 | D:5      | Lost mutation: You are frail. (-10% HP) [potion of cure mutation]
  3467 | D:5      | Reached XP level 9. HP: 46/46 MP: 10/10
  3527 | D:5      | Reached skill level 5 in Shields
  3716 | D:6      | Noticed Menkaure
  3724 | D:6      | Killed Menkaure
  3724 | D:6      | Reached * piety under Okawaru
  3724 | D:6      | Reached skill level 5 in Fighting
  3772 | D:6      | Found a shattered altar of Ashenzari.
  3942 | D:6      | Learned a level 3 spell: Mephitic Cloud
  3949 | D:6      | Learned a level 3 spell: Mephitic Cloud
  4009 | D:6      | Found a shadowy altar of Dithmenos.
  4029 | D:6      | Reached skill level 8 in Axes
  4180 | D:6      | Found Bupeenu's Distillery.
  4192 | D:6      | Bought a potion of degeneration for 11 gold pieces
  4336 | D:6      | Noticed Bigslacks's ghost (amateur OpAs)
  4341 | D:6      | Killed Bigslacks's ghost
  4529 | D:6      | Got a steaming leather armour
  4540 | D:6      | Identified the +0 leather armour of Paali {Int+4} (You found it on level 6 of the Dungeon)
  4601 | D:7      | Reached ** piety under Okawaru
  4648 | D:7      | Found Diqutzen's Weapon Shop.
  4676 | D:7      | Found a hide-covered altar of Uskayaw.
  4769 | D:7      | Reached skill level 5 in Armour
  5064 | D:7      | Reached skill level 9 in Axes
  5068 | D:7      | Gained mutation: You are frail. (-10% HP) [mutagenic meat]
  5069 | D:7      | Gained mutation: Your flesh is heat resistant. (rF+) [mutagenic meat]
  5070 | D:7      | Gained mutation: You are covered in fur. (AC +1) [mutagenic meat]
  5071 | D:7      | Lost mutation: You are covered in fur. (AC +1) [mutagenic meat]
  5072 | D:7      | Gained mutation: You are weak. (Str -2) [mutagenic meat]
  5102 | D:7      | Reached XP level 10. HP: 41/45 MP: 11/11
  5159 | D:7      | Found a radiant altar of Vehumet.
  5175 | D:7      | Noticed Joseph
  5200 | D:7      | Killed Joseph
  5205 | D:7      | Found a stormy altar of Qazlal.
  5255 | D:8      | Found a staircase to the Lair.
  5270 | D:8      | Reached *** piety under Okawaru
  5352 | D:8      | Found a snail-covered altar of Cheibriados.
  5469 | D:8      | Found Poneh's Book Shop.
  5498 | D:8      | Lost mutation: You are frail. (-10% HP) [potion of cure mutation]
  5498 | D:8      | Lost mutation: You are weak. (Str -2) [potion of cure mutation]
  5498 | D:8      | Lost mutation: Your flesh is heat resistant. (rF+) [potion of cure mutation]
  6190 | D:9      | Reached **** piety under Okawaru
  6215 | D:9      | Reached skill level 10 in Axes
  6455 | D:9      | Gained mutation: You are clumsy. (Dex -2) [mutagenic meat]
  6456 | D:9      | Gained mutation: You are frail. (-10% HP) [mutagenic meat]
  6457 | D:9      | Gained mutation: You are very frail. (-20% HP) [mutagenic meat]
  6458 | D:9      | Gained mutation: You expend magic power (3 MP) to strengthen your wands. [mutagenic meat]
  6459 | D:9      | Gained mutation: You have supernaturally acute eyesight. (SInv) [mutagenic meat]
  6459 | D:9      | Lost mutation: You are very frail. (-20% HP) [potion of cure mutation]
  6459 | D:9      | Lost mutation: You expend magic power (3 MP) to strengthen your wands. [potion of cure mutation]
  6459 | D:9      | Lost mutation: You are frail. (-10% HP) [potion of cure mutation]
  6459 | D:9      | Lost mutation: You have supernaturally acute eyesight. (SInv) [potion of cure mutation]
  6459 | D:9      | Lost mutation: You are clumsy. (Dex -2) [potion of cure mutation]
  6476 | D:9      | Noticed a black mamba
  6481 | D:9      | a black mamba changed into something unseen
  6502 | D:9      | HP: 1/53 [something/vampiric draining (4)]
  6503 | D:9      | Slain by an unseen horror (shapeshifter)

Vault maps used:
D:1:      dpeg_arrival_boxes_within_box, minmay_rat_gold_closets
D:2:      lemuel_round_altar, tgw_xom, kennysheep_generic_room_9
D:3:      grunt_temple_overflow_growth_and_decay, makhleb_heckhound_becter
D:4:      grunt_temple_overflow_gold_and_silver, uniq_grinder
D:5:      led_sif_book, kennysheep_mini, first_bread, serial_shops, shop
D:6:      old_standard_altar, serial_shops, nicolae_shop_waterfront,
          nicolae_dithmenos_the_darkroom, uniq_menkaure
D:7:      nicolae_overflow_crystal_walls, nicolae_overflow_hidden_temple,
          kennysheep_mini_moat, serial_shops, shop, uniq_joseph
D:8:      kennysheep_ambush_hall, lemuel_crystal_altar, lair_entry_dummy,
          serial_shops, shop
D:9:      kennysheep_blocky_room, bloody_trog
Temple:   corrupted_temple

Skill      XL: |  1  2  3  4  5  6  7  8  9 10 |
---------------+-------------------------------+-----
Axes           | 2 3 5 7 9 10 | 10.3
Fighting       | 3 4 5 6 |  6.1
Armour         | 3 4 5 6 |  6.1
Shields        | 3 4 5 6 |  6.7
Dodging        | 1 |  1.5

Action                   |  1- 3 |  4- 6 |  7- 9 | 10-12 || total
-------------------------+-------+-------+-------+-------++-------
Melee: War axe           |   106 |   156 |   300 |   246 ||   808
       Bite              |    32 |    45 |   116 |    91 ||   284
  Use: Scroll            |     4 |     8 |     5 |     2 ||    19
       Potion            |       |     1 |     5 |     3 ||     9
  Eat: Bread ration      |       |     1 |     3 |       ||     4
       Beef jerky        |       |     1 |       |       ||     1
       Fruit             |       |       |     6 |     2 ||     8
       Chunk             |       |       |     6 |     7 ||    13
       Meat ration       |       |       |       |     1 ||     1
Armor: Scale mail        |    52 |    25 |       |       ||    77
       Chain mail        |       |    54 |    72 |       ||   126
       Plate armour      |       |       |   110 |   160 ||   270
Dodge: Dodged            |    27 |    34 |    52 |    37 ||   150
Block: Shield            |    45 |   102 |   132 |   151 ||   430
